 Dungeon Crawl Stone Soup version 0.21.1-1-g345015f (webtiles) character file.

1300 wojtek the Cleaver (level 8, -4/67 HPs)
             Began as a Minotaur Fighter on June 25, 2018.
             Was an Initiate of Okawaru.
             Killed by nerve-wracking pain
             ... invoked by an orc priest
              (11 damage)
             ... on level 6 of the Dungeon.
             The game lasted 00:06:23 (5224 turns).

wojtek the Cleaver (Minotaur Fighter)               Turns: 5224, Time: 00:06:24

Health: -4/67      AC:  9    Str: 23    XL:     8   Next: 31%
Magic:  8/8        EV:  6    Int:  5    God:    Okawaru [......]
Gold:   204        SH:  9    Dex: 10    Spells: 7/7 levels left

rFire    . . .     SeeInvis .   a - +0 war axe
rCold    . . .     Gourm    .   c - +0 shield
rNeg     . . .     Faith    .   l - +0 chain mail
rPois    .         Spirit   .   (helmet restricted)
rElec    .         Reflect  .   (no cloak)
rCorr    .         Harm     .   (no gloves)
MR       .....                  (no boots)
Stlth    ..........             (no amulet)
HPRegen  0.21/turn              q - ring of flight
MPRegen  0.11/turn              (no ring)

@: drained
A: retaliatory headbutt, horns 2
a: Renounce Religion, Evoke Flight


You were on level 6 of the Dungeon.
You worshipped Okawaru.
Okawaru was noncommittal.
You were not hungry.

You visited 2 branches of the dungeon, and saw 7 of its levels.
You also visited: Sewer.

You collected 204 gold pieces.

Inventory:

Hand Weapons
 a - a +0 war axe (weapon)
Armour
 c - a +0 shield (worn)
 l - a +0 chain mail (worn)
 u - a +0 plate armour
Jewellery
 q - a ring of flight (left hand)
 v - a +3 ring of protection {unknown}
Wands
 j - a wand of disintegration (20)
Scrolls
 e - 3 scrolls of enchant weapon {unknown}
 g - 3 scrolls of teleportation {unknown}
 i - 8 scrolls of identify {unknown}
 m - 3 scrolls of remove curse {unknown}
 o - a scroll of amnesia {unknown}
 s - 2 scrolls of fear {unknown}
Potions
 b - 5 potions of heal wounds {unknown}
 d - a potion of might
 h - a potion of curing
 k - a potion of resistance {unknown}
 n - a potion of haste {unknown}
 p - 4 potions of agility {unknown}
 r - 3 potions of flight {unknown}
 t - a potion of brilliance {unknown}
Comestibles
 f - 8 rations
 w - 3 chunks of flesh


   Skills:
 + Level 4.5(4.2) Fighting
 + Level 10.4(10.1) Axes
 + Level 4.5(4.2) Armour
 + Level 2.1(1.9) Dodging
 + Level 4.4(4.1) Shields
 * Level 1.6(1.3) Invocations
 * Level 1.5(1.2) Evocations


You had 7 spell levels left.
You didn't know any spells.

Dungeon Overview and Level Annotations

Branches:
Dungeon (6/15)             Temple (1/1) D:5

Altars:
Ashenzari
Cheibriados
Dithmenos
Elyvilon
Fedhas
Gozag
Hepliaklqana
Kikubaaqudgha
Nemelex Xobeh
Okawaru
Qazlal
Sif Muna
Trog
Uskayaw
Vehumet
Wu Jian
Xom
Yredelemnul
Zin
The Shining One


Innate Abilities, Weirdness & Mutations

You reflexively headbutt those who attack you in melee.
You have a pair of horns on your head.


Message History

The orc priest invokes the aid of Beogh against you.
Beogh smites you!
* * * LOW HITPOINT WARNING * * *
You closely miss the orc priest.
The orc priest is almost dead.
You hit something. Something hits you but does no damage.
The orc priest casts a cantrip, but nothing happens.
Something hits you.
* * * LOW HITPOINT WARNING * * *
Unknown command.
The orc priest casts a cantrip, but nothing happens.
You hear some strange, mumbled words.
A puff of flame appears from out of thin air!
You block the puff of flame.
The orc throws a tomahawk.
The tomahawk barely misses you.
You see here a tomahawk.
The orc priest begins to cast a cantrip, but forgets the words!
The orc priest mumbles some strange prayers to Beogh against you.
Pain shoots through your body!
You die...

### #. ##. ..# #.# #.#
#.###### #.##.# #......#
#)†o# ######÷# ##o#)zz#
####.#### ###.#####
#.......# #.()....#
#.##.##.# #.#.###.#
#.##.##.# #@#.#
#.##.##.# #.#.##
#.##....# #....# #
#.#.##..# #.#..##
###....#..######.#...#.
'.......................
###.......######)......#
# ###.##.## ####...##
####.# ##.#


You could see an orc priest and an orc.

Vanquished Creatures
  The ghost of theblackcape the Fighter, an amateur GnWn (D:4)
  An ogre (D:5)
  A phantom (D:6)
  A crocodile (Sewer)
  A wyvern skeleton (D:6)
  A scorpion (D:4)
  4 wights (D:6)
  A hound (D:4)
  An orc priest (D:6)
  2 orc wizards (D:5)
  Jessica (D:3)
  5 worker ants
  3 iguanas (D:4)
  A hound skeleton (D:5)
  4 gnolls (D:5)
  5 adders
  2 oozes
  5 worms
  2 dart slugs
  4 leopard geckos
  11 orcs
  2 ball pythons
  8 bats
  9 giant cockroaches
  A goblin (D:2)
  6 hobgoblins
  12 jackals
  9 kobolds
  2 quokkas
  6 frilled lizards
  A quokka zombie (D:5)
  5 rats
118 creatures vanquished.

Notes
Turn   | Place    | Note
-------+----------+-------------------------------------------
     0 | D:1      | wojtek the Minotaur Fighter began the quest for the Orb.
     0 | D:1      | Reached XP level 1. HP: 19/19 MP: 0/0
     0 | D:1      | Found a basalt altar of Yredelemnul.
     9 | D:1      | Reached skill level 3 in Axes
   117 | D:1      | Reached XP level 2. HP: 26/26 MP: 1/1
   134 | D:1      | Found a shattered altar of Ashenzari.
   595 | D:1      | Reached skill level 4 in Axes
   908 | D:2      | Reached XP level 3. HP: 29/31 MP: 2/2
  1128 | D:2      | Found a stormy altar of Qazlal.
  1167 | D:2      | Reached skill level 5 in Axes
  1172 | D:2      | Reached XP level 4. HP: 24/39 MP: 3/3
  1804 | D:3      | Reached skill level 6 in Axes
  1996 | D:3      | Reached XP level 5. HP: 45/45 MP: 4/4
  2005 | D:3      | Found a glowing drain.
  2031 | Sewer    | Entered a sewer
  2090 | Sewer    | Noticed a crocodile
  2097 | Sewer    | Killed a crocodile
  2097 | Sewer    | Reached skill level 7 in Axes
  2290 | D:3      | Noticed Jessica
  2294 | D:3      | Killed Jessica
  2644 | D:4      | Reached XP level 6. HP: 49/51 MP: 5/5
  2673 | D:4      | Reached skill level 8 in Axes
  2916 | D:4      | Found a blossoming altar of Fedhas.
  2944 | D:4      | Noticed theblackcape's ghost (amateur GnWn)
  2959 | D:4      | Killed theblackcape's ghost
  2959 | D:4      | Reached skill level 9 in Axes
  2959 | D:4      | Reached XP level 7. HP: 34/57 MP: 6/6
  3587 | D:4      | Reached skill level 10 in Axes
  3792 | D:5      | Entered Level 5 of the Dungeon
  4221 | D:5      | Reached skill level 1 in Dodging
  4434 | D:5      | Found a staircase to the Ecumenical Temple.
  4444 | Temple   | Entered the Ecumenical Temple
  4508 | Temple   | Became a worshipper of Warmaster Okawaru
  4853 | D:5      | Found a hazy altar of Hepliaklqana.
  5006 | D:6      | Reached XP level 8. HP: 44/66 MP: 7/7
  5132 | D:6      | Reached skill level 1 in Invocations
  5198 | D:6      | Reached skill level 1 in Evocations
  5224 | D:6      | Killed from afar by an orc priest

Skill      XL: |  1  2  3  4  5  6  7  8 |
---------------+-------------------------+-----
Axes           | 3 4 5 6 7 9 10 | 10.4
Dodging        | 1 2 |  2.1
Fighting       | 4 |  4.5
Armour         | 4 |  4.5
Shields        | 4 |  4.4
Invocations    | 1 |  1.6
Evocations     | 1 |  1.5

Action                   |  1- 3 |  4- 6 |  7- 9 || total
-------------------------+-------+-------+-------++-------
Melee: War axe           |    81 |   122 |   124 ||   327
       Headbutt          |    12 |    20 |    27 ||    59
  Use: Potion            |       |     1 |     1 ||     2
  Eat: Chunk             |     1 |     6 |     7 ||    14
Armor: Scale mail        |    25 |       |       ||    25
       Chain mail        |    11 |    62 |    42 ||   115
Dodge: Dodged            |    35 |    26 |    22 ||    83
Block: Shield            |    57 |    53 |    50 ||   160
